 Dungeon Crawl Stone Soup version 0.25-a0-1073-gf4359a17dd (webtiles) character file.

Game seed: 13097223068759272225, levelgen mode: deterministic

4 Esekla the Magician (level 1, -6/11 HPs)
             Began as an Octopode Wizard on May 14, 2020.
             Mangled by a worm (12 damage)
             ... on level 2 of the Dungeon.
             The game lasted 00:01:36 (141 turns).

Esekla the Magician (Octopode Wizard)                Turns: 141, Time: 00:01:36

Health: -6/11      AC:  1    Str:  6    XL:     1   Next: 60%
Magic:  3/4        EV: 13    Int: 20    God:
Gold:   10         SH:  0    Dex: 10    Spells: 5/6 levels left

rFire    . . .     SeeInvis .   d - +0 spear
rCold    . . .     Gourm    .   (no shield)
rNeg     . . .     Faith    .   a - +0 hat
rPois    .         Spirit   .   (no amulet)
rElec    .         Reflect  .   (no ring)
rCorr    .         Harm     .   (no ring)
MR       .....                  (no ring)
Stlth    +++.......             (no ring)
HPRegen  0.03/turn              (no ring)
MPRegen  0.09/turn              (no ring)
                                (no ring)
                                (no ring)

@: no status effects
A: almost no armour, stealthy swim, amphibious, 8 rings, constrict 8, camouflage
1, gelatinous body 1
a: no special abilities


You were on level 2 of the Dungeon.
You were not hungry.

You visited 1 branch of the dungeon, and saw 2 of its levels.

You collected 10 gold pieces.

Inventory:

Hand Weapons
 d - a +0 spear (weapon)
Armour
 a - a +0 hat (worn)
Scrolls
 b - a scroll of enchant weapon {unknown}
 e - a scroll of remove curse {unknown}
Comestibles
 c - a ration


   Skills:
 * Level 0.2 Fighting
 + Level 2.0 Dodging
 - Level 2.6 Stealth
 * Level 3.1 Spellcasting
 + Level 1.0 Conjurations
   Level 1.0 Summonings
   Level 1.0 Translocations


You had 5 spell levels left.
You knew the following spells:

 Your Spells              Type           Power        Failure   Level  Hunger
a - Magic Dart            Conj           #...         10%         1    None

Your spell library contained the following spells:

 Spells                   Type           Power        Failure   Level  Hunger
 Blink                    Tloc           N/A          14%         2    ##.....
 Call Imp                 Summ           #.......     14%         2    ##.....
 Slow                     Hex            #.......     22%         2    ##.....
 Conjure Flame            Conj/Fire      #.......     34%         3    ###....
 Mephitic Cloud           Conj/Pois/Air  #.......     36%         3    ###....


Dungeon Overview and Level Annotations

Branches:
Dungeon (1/15)

Altars:

Annotations:
D:2 Sigmund


Innate Abilities, Weirdness & Mutations

You cannot wear most types of armour.
You are very stealthy in the water. (Stealth+)
You are amphibious.
You can wear up to eight rings at the same time.
You can use your tentacles to constrict eight enemies at once.
Your skin changes colour to match your surroundings (Stealth+).
Your rubbery body absorbs attacks. (AC +1, EV +1)


Message History

A hobgoblin comes into view.
The rat bites you.
Found 20 arrows.
You closely miss the giant cockroach. Your grab misses the giant cockroach.
You squeeze the giant cockroach.
The giant cockroach is almost dead.
The giant cockroach bites you. The rat barely misses you.
The giant cockroach bites you. The rat bites you.
You hit the giant cockroach.
You kill the giant cockroach!
The rat closely misses you.
Sigmund the Dreaded comes into view.
He is wielding a +0 scythe.
You hit the rat.
You kill the rat!
You see here a rat corpse.
You hit the worm. Your grab misses the worm.
The worm is lightly wounded.
The worm bites you!
Ouch! That really hurt!
You die...

....g ..... #. ...
##.# ..( ... #.#
#.. #.# #..
#######.### ####..
..<....#w.#
...(..########.#@#
##.#...#######.#.#
#....#....gw..g#.#
##.#...#########.#
...##.## #.#
....sg.# #.#
####.#.# ... #.#.#
@.. #.#g# ...


You could see Sigmund (asleep) and a worm.

Vanquished Creatures
  A giant cockroach (D:2)
  2 bats
  A rat (D:2)
4 creatures vanquished.

Notes
Turn   | Place    | Note
-------+----------+-------------------------------------------
     0 | D:1      | Esekla the Octopode Wizard began the quest for the Orb.
     0 | D:1      | Reached XP level 1. HP: 11/11 MP: 4/4
   104 | D:1      | You fall into a shaft and drop 1 floor!
   137 | D:2      | Noticed Sigmund
   141 | D:2      | Mangled by a worm

Illustrated notes

Levels and vault maps discovered:
D:1:      onia_arrival_mini_spirals, layout_rooms
D:2:      layout_loops_ring, grunt_temple_overflow_holy_war,
          amethyst_overflow_temple_binary, uniq_sigmund

Action                   || total
-------------------------++-------
Melee: Spear             ||     7
       Constrict         ||     1
       Tentacles         ||     1
 Cast: Magic Dart        ||     4
Armor: Skin              ||     3
Dodge: Dodged            ||    14

Table legend:
 A = Non-vault XP
 B = Vault XP
 C = Vault XP percentage of total XP
 D = Non-vault monster count
 E = Vault monster count
 F = Vault count percentage of total count
                 A         B        C        D         E       F
            +---------+---------+-------+---------+---------+-------
      Total |       6 |       0 |   0.0 |       4 |       0 |   0.0
            +---------+---------+-------+---------+---------+-------
        D:1 |       1 |       0 |   0.0 |       1 |       0 |   0.0
        D:2 |       5 |       0 |   0.0 |       3 |       0 |   0.0
            +---------+---------+-------+---------+---------+-------
